 Dungeon Crawl Stone Soup version 0.13-a0-1577-g2bae144 (webtiles) character file.

81 Kae the Chiller (level 3, -6/24 HPs)
             Began as a Demonspawn Ice Elementalist on June 11, 2013.
             Mangled by a worm (12 damage)
             ... on Level 2 of the Dungeon.
             The game lasted 00:03:48 (1111 turns).

Kae the Chiller (Demonspawn Ice Elementalist)       Turns: 1111, Time: 00:03:48

HP  -6/24        AC  2     Str  8      XL: 3   Next: 42%
MP   4/6         EV 12     Int 17      God:
Gold 36          SH  0     Dex 13      Spells:  2 memorised,  3 levels left

Res.Fire  : . . .   See Invis. : .   (no weapon)
Res.Cold  : . . .   Warding    : .   a - +0 robe
Life Prot.: . . .   Conserve   : .   (no shield)
Res.Poison: .       Res.Corr.  : .   (no helmet)
Res.Elec. : .       Clarity    : .   (no cloak)
Sust.Abil.: . .     Spirit.Shd : .   (no gloves)
Res.Mut.  : .       Stasis     : .   (no boots)
Res.Rott. : .       Flight     : .   (no amulet)
Saprovore : . . .                    (no ring)
                                     (no ring)

@: not resistant to hostile enchantments, fairly stealthy
A: conserve scrolls
a: no special abilities


You were on level 2 of the Dungeon.
You were hungry.

You visited 1 branch of the dungeon, and saw 2 of its levels.

You collected 16 gold pieces.

Inventory:

Armour
 a - a +0 robe (worn)
Comestibles
 c - 2 bread rations
 f - an apple
 j - a choko
Scrolls
 d - 2 scrolls of remove curse {unknown}
 e - 4 scrolls of teleportation {unknown}
 k - a scroll of identify {unknown}
 n - a scroll of curse armour {unknown}
 o - a scroll of fear {unknown}
 q - a scroll of blinking {unknown}
Jewellery
 p - an uncursed amulet of clarity {unknown}
Potions
 g - a potion of agility {unknown}
 l - a potion of speed {unknown}
 m - 2 potions of curing
Books
 b - a book of Frost

   Spells                             Type                      Level
   *Freeze                            Ice                          1
   *Throw Frost                       Conjuration/Ice              2
   Ozocubu's Armour                   Charms/Ice                   3
   Throw Icicle                       Conjuration/Ice              4
   Summon Ice Beast                   Ice/Summoning                4
   Condensation Shield                Ice                          4


   Skills:
 - Level 1.8 Dodging
 - Level 1.7 Stealth
 + Level 2.0 Spellcasting
 * Level 1.3 Conjurations
 * Level 3.4 Ice Magic


You had 3 spell levels left.
You knew the following spells:

 Your Spells              Type           Power        Failure   Level  Hunger
a - Freeze                Ice            ##..         6%          1    #......
b - Throw Frost           Conj/Ice       #.....       14%         2    ###....


Dungeon Overview and Level Annotations

Branches:
Dungeon (2/27)

Altars:


Innate Abilities, Weirdness & Mutations

You are very good at protecting items from fire.


Message History

You start resting.
The worm bites you!
* * * LOW HITPOINT WARNING * * *
Casting: Freeze
Confirm with . or Enter, or press ? or * to list all spells.
Aiming: Freeze
Press: ? - help, Shift-Dir - straight line, f/p - worm
Aim: a worm (lightly wounded)
You freeze the worm.
The worm is moderately wounded.
Casting: Freeze
Confirm with . or Enter, or press ? or * to list all spells.
Aiming: Freeze
Press: ? - help, Shift-Dir - straight line, f/p - worm
Aim: a worm (moderately wounded)
You freeze the worm.
The worm is heavily wounded.
The worm bites you!
Ouch! That really hurt!
You die...

#######.# .#
#.......#..#
##.#........#
#....$..>#
#####..#...#.#
#......###.#.#
#.##..)# #...#
###.##...#####.#
........w@.....#
....##..###....#
## #.. #.##.#
#.. #)##.# ...
#.##.# ..[<
#.##.########
####.
#.#..........
..# #.#
#.#..###########
#.# #.#
#.#..#...@.^....


You could see a worm.

Vanquished Creatures
  Terence (D:2)
  A giant gecko (D:1)
  An ooze (D:1)
  5 bats
  A giant cockroach (D:2)
  5 hobgoblins
  3 giant newts
  4 goblins
  5 kobolds
  4 rats
30 creatures vanquished.

Notes
Turn   | Place    | Note
--------------------------------------------------------------
     0 | D:1      | Kae, the Demonspawn Ice Elementalist, began the quest for the Orb.
     0 | D:1      | Reached XP level 1. HP: 13/13 MP: 3/3
   123 | D:1      | Reached skill level 3 in Ice Magic
   233 | D:1      | Gained mutation: You are very good at protecting items from fire. [demonic ancestry]
   233 | D:1      | Reached XP level 2. HP: 17/19 MP: 4/4
   237 | D:1      | Learned a level 2 spell: Throw Frost
   804 | D:2      | Reached XP level 3. HP: 24/24 MP: 6/6
   860 | D:2      | Noticed Terence
   929 | D:2      | Killed Terence
  1111 | D:2      | Mangled by a worm

Action                   || total
-------------------------++-------
Melee: Unarmed           ||    49
 Cast: Freeze            ||    48
       Throw Frost       ||     2
  Use: Potion            ||     1
